cohdb
Replays
Latest Replays
All Replays
Popular Replays
Top Player Replays
Match Explorer
How It Works
Community
CoH3 Stats
Reddit
Sign in to upload your games and track your stats! →
Sign in with Steam
Match 43798700
Unlisted
Match 43798700
Overview
Messages
Build Orders
End
Selects Italian Combined Arms Battlegroup
Selects Bersaglieri Squad
Bersaglieri Squad
250 Light Carrier
Bersaglieri Squad
Bersaglieri Squad
Construct Light Support Kompanie
2.5-tonne Medical Truck
Selects Bersaglieri Bolster
Panzerjäger Mechanized Group
Selects Breda Model 30 Light Machine Guns
Construct Mechanized Kompanie
MG34 Team
Marder III Tank Destroyer
Selects Semovente da 75/18 Assault Gun
Construct Panzerarmee Kommand
Armored Reserves
Selects Strafing Run
Jason_Beebe
bigcheese
McVodka
JESTER 689
Gorlak
Dead_Fish
0
0
Comments
sign in to comment!
No comments posted yet!